 Dungeon Crawl Stone Soup version 0.30-a0-626-gd6a5dd7a1f (webtiles) character file.

Game seed: 6217664815000409359

446 NinjaNoafa the Insei (level 7, -6/47 HPs)
             Began as an Octopode Transmuter on Jan 11, 2023.
             Was an Initiate of Gozag.
             Mangled by Prince Ribbit (19 damage)
             ... on level 5 of the Dungeon.
             The game lasted 00:06:29 (3846 turns).

NinjaNoafa the Insei (Octopode Transmuter)          Turns: 3846, Time: 00:06:29

Health: -6/47      AC:  1    Str:  7 (9)  XL:     7   Next: 3%
Magic:  19/19      EV: 13    Int: 14 (17) God:    Gozag
Gold:   225        SH:  0    Dex: 11 (13) Spells: 4/10 levels left

rFire   . . .      SeeInvis .      - Unarmed
rCold   + . .      Faith    .    t - orb {*channel}
rNeg    . . .      Spirit   .    (helmet restricted)
rPois   .          Reflect  .    (no amulet)
rElec   .          Harm     .    b - ring of protection from cold
rCorr   .          Rampage  .    o - ring of magical power
Will    .....                    (no ring)
Stlth   ++                       (no ring)
HPRegen 0.27/turn                (no ring)
MPRegen 0.16/turn                (no ring)
                                 (no ring)
                                 (no ring)

@: attractive
A: almost no armour, amphibious, 8 rings, camouflage 1, gelatinous body 1,
(nimble swimmer 1), tentacles
a: Renounce Religion, Potion Petition, Call Merchant, Bribe Branch


You were on level 5 of the Dungeon.
You worshipped Gozag.
Gozag was aware of your devotion.
You visited 2 branches of the dungeon, and saw 6 of its levels.

You collected 289 gold pieces.
You paid 64 gold pieces to Gozag.

Inventory:

Missiles
 p - 11 poisoned darts
Armour
 t - an orb of energy (worn)
Jewellery
 b - a ring of protection from cold (left tentacle)
 o - a ring of magical power (right tentacle)
Scrolls
 e - 10 scrolls of identify {unknown}
 f - 3 scrolls of enchant weapon {unknown}
 h - a scroll of immolation {unknown}
 i - 2 scrolls of enchant armour {unknown}
 j - a scroll of butterflies {unknown}
 l - 2 scrolls of blinking {unknown}
 m - a scroll of magic mapping {unknown}
 n - 2 scrolls of fog {unknown}
 u - a scroll of acquirement {unknown}
 v - a scroll of teleportation {unknown}
Potions
 a - 3 potions of lignification
 r - a potion of degeneration


   Skills:
 - Level 3.7 Fighting
 - Level 2.0 Dodging
 - Level 0.4 Stealth
 - Level 4.8 Unarmed Combat
 - Level 2.0 Spellcasting
 - Level 4.0 Transmutations
 + Level 3.0 Poison Magic
 - Level 0.2 Evocations


You had 4 spell levels left.
You knew the following spells:

 Your Spells              Type           Power      Damage    Failure   Level
a - Beastly Appendage     Tmut           24%        N/A       4%          1
b - Wereblood             Tmut           12%        N/A       7%          2
c - Spider Form           Tmut/Pois      11%        N/A       17%         3

Your spell library contained the following spells:

 Spells                   Type           Power      Damage    Failure   Level
 Ensorcelled Hibernation  Hex/Ice        2%         N/A       34%         2
 Ice Form                 Ice/Tmut       7%         N/A       71%         4
 Anguish                  Hex/Necr       0%         N/A       93%         4


Dungeon Overview and Level Annotations

Branches:
Dungeon (5/15)             Temple (1/1) D:4

Altars:
Cheibriados
Dithmenos
Elyvilon
Fedhas
Gozag
Hepliaklqana
Kikubaaqudgha
Nemelex Xobeh
Okawaru
Ru
Sif Muna
Trog
Uskayaw
Vehumet
Wu Jian
Xom
The Shining One

Shops:
D:4 [

Annotations:
D:3 1 runed translucent door, Crazy Yiuf
D:5 Edmund, Menkaure, Prince Ribbit


Innate Abilities, Weirdness & Mutations

You cannot wear most types of armour.
You are amphibious.
You can wear up to eight rings at the same time.
Your skin changes colour to match your surroundings (Stealth+).
Your rubbery body absorbs attacks. (AC +1, EV +1)
((You are camouflaged when in or above water. (Stealth+)))
You have tentacles for arms and can constrict up to eight enemies at once.


Message History

Edmund hits you with a +2 heavy flail!
* * * LOW HITPOINT WARNING * * *
You barely miss the black bear.
The black bear is moderately wounded.
The hound bites you but does no damage. x2
The black bear bites you but does no damage.
The black bear claws you but does no damage.
The black bear claws you.
* * * LOW HITPOINT WARNING * * *
It was a potion of might.
You feel very mighty all of a sudden. The hound completely misses you.
Edmund hits you but does no damage. The black bear barely misses you.
The black bear claws you but does no damage. x2
It was a potion of attraction.
You feel attractive to monsters.
Your primal bloodlust has ended.
The hound bites you but does no damage.
Prince Ribbit catches a centipede with his tongue.
Prince Ribbit blinks!
The hound bites you but does no damage. Edmund hits you but does no damage.
The black bear bites you but does no damage.
The black bear claws you but does no damage.
The black bear claws you.
* * * LOW HITPOINT WARNING * * *
Prince Ribbit is attracted toward you.
It was a potion of heal wounds.
You feel much better. The hound bites you. The black bear barely misses you.
The black bear claws you but does no damage. x2
Prince Ribbit is attracted toward you.
It was a potion of cancellation.
Your magical effects are unravelling.
You feel magically purged.
You feel less wooden.
You feel a little less mighty now. The hound bites you.
Prince Ribbit hits you but does no damage.
Edmund closely misses you. The hound bites you.
* * * LOW HITPOINT WARNING * * *
Prince Ribbit hits you!!
You die...
Your body crumbles into a pile of gold.

...# ########
#...##############......#
#.........(......'......'
+..........#######......#
##...######'#######......#
.#<.......................#
#F......#............§........#
..............h...§............#
.............Oh@F...............
..............@#####.......####.
..............># #.......# #.
...............# #########
h..............# ..........#
..........# ......(....
..........#.


You could see Edmund, Prince Ribbit, a black bear, an ogre and a hound.

Vanquished Creatures
  A necrophage (D:4)
  A bullfrog (D:3)
  2 hounds
  2 orc priests (D:3)
  An iguana (D:3)
  Natasha (thrice) (D:2)
  3 adders
  An ufetubus (D:5)
  2 dart slugs
  3 orcs
  8 ball pythons
  9 bats
  3 endoplasms
  8 goblins
  5 hobgoblins
  7 jackals (D:3)
  3 quokkas
  5 kobolds
  7 rats
74 creatures vanquished.

Notes
Turn   | Place    | Note
-------+----------+-------------------------------------------
     0 | D:1      | NinjaNoafa the Octopode Transmuter began the quest for the
                  | Orb.
     0 | D:1      | Reached XP level 1. HP: 13/13 MP: 3/3
    78 | D:1      | Found a faded altar of an unknown god.
   106 | D:1      | Reached XP level 2. HP: 18/18 MP: 3/5
   607 | D:1      | Reached XP level 3. HP: 21/23 MP: 6/6
  1207 | D:2      | Noticed Natasha
  1215 | D:2      | Killed Natasha
  1216 | D:2      | Reached XP level 4. HP: 20/29 MP: 7/7
  1284 | D:2      | Noticed Natasha
  1291 | D:2      | Killed Natasha
  1356 | D:2      | Noticed Natasha
  1365 | D:2      | Killed Natasha
  1366 | D:2      | Reached XP level 5. HP: 29/35 MP: 8/8
  1528 | D:3      | Learned a level 2 spell: Wereblood
  1598 | D:3      | Reached XP level 6. HP: 17/42 MP: 6/9
  1854 | D:3      | Found a runed translucent door.
  1855 | D:3      | Noticed Crazy Yiuf
  1972 | D:3      | Found a radiant altar of Vehumet.
  2663 | D:4      | Reached skill level 1 in Poison Magic
  2688 | D:4      | Found Unkei's Antique Armour Shoppe.
  2699 | D:4      | Found a staircase to the Ecumenical Temple.
  2718 | Temple   | Entered the Ecumenical Temple
  2899 | Temple   | Became a worshipper of Gozag Ym Sagoz the Greedy
  3069 | D:4      | Found a shimmering blue altar of Sif Muna.
  3653 | D:5      | Entered Level 5 of the Dungeon
  3653 | D:5      | Noticed Edmund
  3653 | D:5      | Noticed Prince Ribbit
  3728 | D:5      | Reached XP level 7. HP: 42/47 MP: 10/10
  3738 | D:5      | Noticed Menkaure
  3814 | D:5      | Learned a level 3 spell: Spider Form
  3846 | D:5      | Mangled by Prince Ribbit

Illustrated notes

Levels and vault maps discovered:
D:1:      lightli_arrival_boilingwater, layout_basic,
          hellmonk_ecumenical_altar_leap_of_faith
D:2:      layout_loops_cross, uniq_natasha
D:3:      layout_basic, vehumet_crystals, uniq_crazy_yiuf_cottage
D:4:      layout_loops_cross, mainiacjoe_overflow_alcove_2,
          minmay_temple_entry_wispy, serial_shops, shop
D:5:      layout_basic, serial_shops, nicolae_shop_overgrown_old_shop,
          corner_web_ring, grunt_decor_cap, uniq_eustachio, uniq_edmund,
          uniq_prince_ribbit1, uniq_menkaure
Temple:   bh_familiar_temple

Skill      XL: |  1  2  3  4  5  6  7 |
---------------+----------------------+-----
Transmutations | 3 4 |  4.0
Fighting       | 2 3 |  3.7
Unarmed Combat | 4 |  4.8
Poison Magic   | 2 3 |  3.0
Dodging        | |  2.0
Stealth        | |  0.4
Spellcasting   | |  2.0
Evocations     | |  0.2

Action                   |  1- 3 |  4- 6 |  7- 9 || total
-------------------------+-------+-------+-------++-------
Melee: Unarmed           |    87 |    75 |    15 ||   177
       Kick              |    29 |    32 |     1 ||    62
       Constrict         |    19 |    22 |       ||    41
       Tentacles         |     7 |    22 |     1 ||    30
       Punch             |     1 |     3 |       ||     4
 Cast: Beastly Appendage |    24 |    20 |     1 ||    45
       Wereblood         |       |    16 |     2 ||    18
       Spider Form       |       |       |     1 ||     1
  Use: Potion            |       |       |    10 ||    10
 Stab: Sleeping          |     8 |     3 |       ||    11
Armor: Skin              |    13 |     2 |    51 ||    66
Dodge: Dodged            |    62 |    37 |    33 ||   132

Table legend: (Time is in decaauts)
 A = Elapsed time spent in this place.
 B = Non-inter-level travel time spent in this place.
 C = Inter-level travel time spent in this place.
 D = Time resting spent in this place.
 E = Time spent auto-exploring this place.
 F = Levels seen in this place.
 G = Mean time per level.
                   A        B        C        D        E       F      G
               +--------+--------+--------+--------+--------+-----+--------+
         Total |   3838 |   3628 |    210 |      0 |   2968 |   6 |  639.7 |
       Dungeon |   3627 |   3469 |    158 |      0 |   2815 |   5 |  725.4 |
        Temple |    210 |    158 |     52 |      0 |    153 |   1 |  210.0 |
               +--------+--------+--------+--------+--------+-----+--------+

Top non-repeatable levels by time:
     D:3: 1115 daAuts
     D:2: 869 daAuts
     D:4: 830 daAuts
     D:1: 654 daAuts
  Temple: 210 daAuts
     D:5: 158 daAuts
